 Dungeon Crawl Stone Soup version 0.29.0-4-gdea44cf6ec (webtiles) character file.

Game seed: 12464025169279324948

10490 qw the Grappler (level 11, 0/104 HPs)
             Began as a Troll Cinder Acolyte on Sept 2, 2022.
             Was an Initiate of Ignis.
             Slain by an elephant (3 damage)
             ... summoned by a boggart
             ... in a Gauntlet.
             The game lasted 00:04:49 (7752 turns).

qw the Grappler (Troll Cinder Acolyte)              Turns: 7752, Time: 00:04:50

Health: 0/104      AC: 12    Str: 28    XL:     11   Next: 36%
Magic:  11/11      EV:  9    Int: 10    God:    Ignis [......]
Gold:   628        SH: 16    Dex: 17    Spells: 12/12 levels left

rFire   + . .      SeeInvis .     - Unarmed
rCold   . . .      Faith    .   o - +0 kite shield
rNeg    + . .      Spirit   .   r - +2 swamp dragon scales
rPois   +          Reflect  +   (helmet restricted)
rElec   .          Harm     .   f - +0 cloak
rCorr   .          Rampage  .   (gloves unavailable)
Will    .....      NoTele   +   (boots unavailable)
Stlth   +.........              j - amulet of reflection
HPRegen 1.07/turn               c - +6 ring of dexterity
MPRegen 0.12/turn               l - ring of Vefem {rN+ Dex+6}

@: no status effects
A: large, unfitting armour, claws 3, regeneration 1, shaggy fur 1, tough skin 1
a: Renounce Religion, Rising Flame


You were in a Gauntlet.
You worshipped Ignis.
Ignis was noncommittal.
You visited 1 branch of the dungeon, and saw 11 of its levels.
You also visited: Gauntlet.

You collected 628 gold pieces.


Innate Abilities, Weirdness & Mutations

You are too large for most types of armour.
You have claws for hands.
Your natural rate of healing is unusually fast.
You are covered in fur. (AC +1)
You have tough skin. (AC +1)


   Skills:
 - Level 5.3 Fighting
 + Level 4.6 Throwing
 - Level 2.0 Armour
 - Level 3.8 Dodging
 - Level 9.0 Shields
 - Level 12.2 Unarmed Combat
 - Level 1.0 Spellcasting
 - Level 2.1 Fire Magic


You had 12 spell levels left.
You didn't know any spells.
Your spell library contained the following spells:

 Spells                   Type           Power      Damage    Failure   Level
 Scorch                   Fire           8%         2d5       52%         2

Inventory:

Missiles
 e - 11 boomerangs
 n - 2 large rocks (quivered)
Armour
 f - a +0 cloak (worn)
 o - a +0 kite shield (worn)
 p - a +1 robe of fire resistance
 r - +2 swamp dragon scales (worn)
Jewellery
 c - a +6 ring of dexterity (left claw)
 j - an amulet of reflection (around neck)
 l - the ring of Vefem (right claw) {rN+ Dex+6}
   (You found it on level 7 of the Dungeon)

   [ring of dexterity]

   Dex:       It affects your dexterity (+6).
   rN:        It protects you from negative energy.
Scrolls
 b - 2 scrolls of teleportation
 m - a scroll of identify
Potions
 a - a potion of mutation
 d - 2 potions of might
 g - a potion of curing
 h - a potion of cancellation

Dungeon Overview and Level Annotations

Branches:
Dungeon (11/15)            Temple (0/1) D:4         Gauntlet (1/1)
   Lair: D:8-11         Orc: D:9-12

Altars:
Cheibriados
Elyvilon
Fedhas
Gozag
Okawaru
Qazlal
Ru
Sif Muna
Uskayaw
Wu Jian
Xom
Zin

Shops:
D:9 [

Annotations:
D:3 Grinder
D:7 1 runed translucent door, Crazy Yiuf
D:8 1 runed translucent door, qw's ghost, novice TeWr Gauntlet 15 transporters


Message History

The boggart gestures wildly while chanting.
The boggart blinks!
The large slime creature hits you!
7746 ||| DRINKING potion of heal wounds.
You feel much better.
The ufetubus disappears in a puff of smoke!
The elephant misses you. You block the elephant's attack.
You block the large slime creature's attack.
You claw the large slime creature!
The large slime creature is heavily wounded.
The death yak looks momentarily different.
The elephant barely misses you. x2
You block the large slime creature's attack.
You barely miss the large slime creature.
The large slime creature is heavily wounded.
A boggart appears from thin air!
Reactivating autopickup.
The worldbinder calls forth creatures from the Crypt!
The elephant tramples you.
You hold your ground!
You block the elephant's attack.
You mangle the large slime creature!!
The large slime creature is severely wounded.
The large slime creature hits you! The elephant tramples you.
You hold your ground!
The elephant trunk-slaps you but does no damage.
You barely miss the large slime creature.
The large slime creature is severely wounded.
You block the large slime creature's attack.
The elephant tramples you!
You hold your ground!
You block the elephant's attack.
You mangle the large slime creature!!
The large slime creature is almost dead.
The ufetubus disappears in a puff of smoke!
You block the large slime creature's attack.
You block the elephant's attack.
The elephant trunk-slaps you but does no damage.
You claw the large slime creature!
You kill the large slime creature!
The large slime creature dissolves into shadows!
The elephant tramples you.
You die...

^#^...^....#^#..### ###
.#)#.....#.#.#..#8# #8#
.#!##...##O#.#..###########
.#..##.##.G#.#..........#8#
.#........Y#.#..........#####
.##### #####.#########.....~###
.#~~~~ ~¤~~#........^#......#8#
.##### ####.#############..###
.##### G###.#.#@Y3h345..#..#
.#.#.. .#.#.#.#h#xY5#g#.#..###
.##!....##.#.#.#3###Y55#.#..#8#
.#[###..#.##.#.#5.h###...#..###
^#^.####.###^#.#h#.{Y#.#.#..#
##}####.#uu###.#h#4#Yx.#.#..###
.#.##.#.#.##...#..g###5..#..#8#
.#.......#.#...#.#.JJ###W#..###
¤##.#.####.#...#..J......#..#


You could see a death yak shaped shifter, 3 elephants, a great orb of eyes
shaped shifter, 2 ugly things, a two-headed ogre shaped shifter, a worldbinder,
2 sixfirhies, a ynoxinul (summoned), 4 wolves and 4 ufetubi.

Vanquished Creatures
  2 hydras
  2 boulder beetles
  A two-headed ogre (D:8)
  Amaemon (D:8)
  An ugly thing (D:10)
  An orange demon (D:8)
  Maggie (D:6)
  3 trolls
  Prince Ribbit (D:8)
  A shadow (D:10)
  A wraith (D:10)
  5 yaks (D:10)
  3 vampire mosquitoes
  A steam dragon (D:6)
  A water moccasin (D:5)
  2 sky beasts
  3 orc warriors
  2 ice beasts
  3 black bears
  3 ogres
  3 centaurs
  A phantom (D:6)
  Blork the orc (D:5)
  3 kobold brigands
  3 bullfrogs
  A necrophage (D:5)
  A gnoll sergeant (D:7)
  5 wights (D:10)
  4 killer bees (D:9)
  A hound (D:6)
  6 orc priests
  2 gnoll boudas (D:6)
  5 iguanas
  Jessica (D:3)
  Terence (D:3)
  6 orc wizards
  14 adders
  11 gnolls
  2 white imps (D:6)
  3 ufetubi
  A worm (D:2)
  4 dart slugs
  43 orcs
  10 ball pythons
  8 endoplasms
  5 giant cockroaches
  4 goblins
  8 hobgoblins
  12 jackals
  24 kobolds
  2 quokkas
  4 bats (D:1)
  A frilled lizard (D:2)
  3 rats
241 creatures vanquished.

Vanquished Creatures (others)
  2 demonic plants (Gauntlet)
  3 fungi (Gauntlet)
  11 plants (Gauntlet)
  3 withered plants (D:1)
19 creatures vanquished.

Grand Total: 260 creatures vanquished

Notes
Turn   | Place    | Note
-------+----------+-------------------------------------------
     0 | D:1      | qw the Troll Cinder Acolyte began the quest for the Orb.
     0 | D:1      | Reached XP level 1. HP: 22/22 MP: 1/1
     0 | D:1      | 0 ||| qw: Version: 0.1-a-97-g2dd2ca4
     0 | D:1      | 0 ||| qw: Game counter: 4962
     0 | D:1      | 0 ||| qw: Always use a shield: true
     0 | D:1      | 0 ||| qw: God list: Okawaru
     0 | D:1      | 0 ||| qw: Allow faded altars: false
     0 | D:1      | 0 ||| qw: Do Orc after D:15 true
     0 | D:1      | 0 ||| qw: Do second Lair branch before Depths: true
     0 | D:1      | 0 ||| qw: Lair rune preference: random
     0 | D:1      | 0 ||| qw: Plans: Normal
     0 | D:1      | 0 ||| PLANNING D:1-11
    15 | D:1      | 15 ||| Stepping ~*~*~tactically~*~*~ (hiding).
    32 | D:1      | Reached XP level 2. HP: 29/29 MP: 2/2
    65 | D:1      | Found a faded altar of an unknown god.
    71 | D:1      | 71 ||| Stepping ~*~*~tactically~*~*~ (stealth).
   169 | D:1      | 169 ||| Stepping ~*~*~tactically~*~*~ (stealth).
   212 | D:1      | 212 ||| Stepping ~*~*~tactically~*~*~ (outnumbered).
   213 | D:1      | 213 ||| Stepping ~*~*~tactically~*~*~ (outnumbered).
   222 | D:1      | 222 ||| Stepping ~*~*~tactically~*~*~ (outnumbered).
   224 | D:1      | Reached skill level 4 in Unarmed Combat
   504 | D:1      | Reached XP level 3. HP: 36/36 MP: 3/3
   854 | D:1      | 854 ||| READING scroll labelled VADGHA KALOIF.
   855 | D:1      | 855 ||| READING scroll labelled WAEPRI VOOKEDD.
   860 | D:1      | 860 ||| READING scroll labelled GEGHIX XEMUMM.
   861 | D:1      | 861 ||| DRINKING 2 sapphire potions.
   887 | D:2      | 887 ||| STAIRDANCE
   900 | D:2      | 900 ||| STAIRDANCE
   944 | D:2      | 944 ||| Stepping ~*~*~tactically~*~*~ (stealth).
   956 | D:2      | 956 ||| Stepping ~*~*~tactically~*~*~ (stealth).
   959 | D:2      | 959 ||| Stepping ~*~*~tactically~*~*~ (stealth).
   970 | D:2      | 970 ||| Stepping ~*~*~tactically~*~*~ (stealth).
   972 | D:2      | 972 ||| Stepping ~*~*~tactically~*~*~ (stealth).
  1017 | D:2      | 1017 ||| Stepping ~*~*~tactically~*~*~ (stealth).
  1018 | D:2      | 1018 ||| Stepping ~*~*~tactically~*~*~ (stealth).
  1020 | D:2      | 1020 ||| Stepping ~*~*~tactically~*~*~ (stealth).
  1021 | D:2      | 1021 ||| Stepping ~*~*~tactically~*~*~ (stealth).
  1022 | D:2      | 1022 ||| Stepping ~*~*~tactically~*~*~ (stealth).
  1024 | D:2      | 1024 ||| Stepping ~*~*~tactically~*~*~ (stealth).
  1051 | D:2      | 1051 ||| INVOKING Fiery Armour.
  1094 | D:2      | 1094 ||| Stepping ~*~*~tactically~*~*~ (stealth).
  1095 | D:2      | 1095 ||| Stepping ~*~*~tactically~*~*~ (stealth).
  1102 | D:2      | Reached XP level 4. HP: 44/44 MP: 4/4
  1111 | D:2      | Reached skill level 5 in Unarmed Combat
  1415 | D:2      | 1415 ||| UPGRADING to +0 cloak.
  1420 | D:2      | 1420 ||| DROPPING ring of wizardry.
  1421 | D:2      | 1421 ||| READING scroll labelled GOIDYE YRATOYPT.
  1422 | D:2      | 1422 ||| READING scroll labelled RAMEKAC FOSTRU.
  1507 | D:3      | Noticed Grinder
  1509 | D:3      | 1509 ||| FLEEEEING.
  1510 | D:3      | 1510 ||| FLEEEEING.
  1514 | D:3      | 1514 ||| Stepping ~*~*~tactically~*~*~ (outnumbered).
  1515 | D:3      | 1515 ||| Stepping ~*~*~tactically~*~*~ (outnumbered).
  1515 | D:3      | Paralysed by Grinder for 5 turns
  1520 | D:3      | 1520 ||| INVOKING Fiery Armour.
  1521 | D:3      | 1521 ||| Stepping ~*~*~tactically~*~*~ (outnumbered).
  1521 | D:3      | HP: 10/44 [endoplasm (2)]
  1522 | D:3      | 1522 ||| READING scroll of teleportation.
  1539 | D:3      | 1539 ||| Stepping ~*~*~tactically~*~*~ (hiding).
  1573 | D:3      | 1573 ||| Stepping ~*~*~tactically~*~*~ (stealth).
  1574 | D:3      | 1574 ||| Stepping ~*~*~tactically~*~*~ (stealth).
  1576 | D:3      | 1576 ||| Stepping ~*~*~tactically~*~*~ (stealth).
  1601 | D:3      | Noticed Terence
  1602 | D:3      | 1602 ||| Stepping ~*~*~tactically~*~*~ (hiding).
  1605 | D:3      | 1605 ||| Stepping ~*~*~tactically~*~*~ (stealth).
  1606 | D:3      | 1606 ||| Stepping ~*~*~tactically~*~*~ (stealth).
  1612 | D:3      | Killed Terence
  1613 | D:3      | Reached XP level 5. HP: 44/50 MP: 5/5
  1695 | D:3      | Noticed Jessica
  1697 | D:3      | 1697 ||| INVOKING Fiery Armour.
  1698 | D:3      | Killed Jessica
  1699 | D:3      | Reached skill level 6 in Unarmed Combat
  1827 | D:3      | 1827 ||| UPGRADING to +0 robe of fire resistance.
  1837 | D:3      | 1837 ||| DROPPING +0 robe.
  1838 | D:3      | 1838 ||| UPGRADING to +6 ring of dexterity.
  1839 | D:3      | 1839 ||| READING scroll labelled GOMIRU WOTOZ.
  1840 | D:3      | 1840 ||| READING scroll labelled XUXO LAUCAQ.
  1841 | D:3      | 1841 ||| DRINKING 2 inky potions.
  1842 | D:3      | 1842 ||| DROPPING potion of attraction.
  1986 | D:4      | 1986 ||| Stepping ~*~*~tactically~*~*~ (outnumbered).
  1987 | D:4      | 1987 ||| Stepping ~*~*~tactically~*~*~ (outnumbered).
  1988 | D:4      | 1988 ||| Stepping ~*~*~tactically~*~*~ (outnumbered).
  1989 | D:4      | 1989 ||| Stepping ~*~*~tactically~*~*~ (outnumbered).
  2068 | D:4      | Found a staircase to the Ecumenical Temple.
  2146 | D:4      | Noticed an ogre
  2147 | D:4      | 2147 ||| Stepping ~*~*~tactically~*~*~ (stealth).
  2149 | D:4      | 2149 ||| Stepping ~*~*~tactically~*~*~ (stealth).
  2150 | D:4      | 2150 ||| Stepping ~*~*~tactically~*~*~ (stealth).
  2153 | D:4      | 2153 ||| Stepping ~*~*~tactically~*~*~ (stealth).
  2154 | D:4      | 2154 ||| Stepping ~*~*~tactically~*~*~ (stealth).
  2162 | D:4      | Killed an ogre
  2163 | D:4      | Reached skill level 1 in Dodging
  2163 | D:4      | Reached XP level 6. HP: 59/59 MP: 6/6
  2163 | D:4      | 2163 ||| Stepping ~*~*~tactically~*~*~ (stealth).
  2167 | D:4      | 2167 ||| Stepping ~*~*~tactically~*~*~ (stealth).
  2193 | D:4      | Found a sacrificial altar of Ru.
  2195 | D:4      | Found a white marble altar of Elyvilon.
  2245 | D:4      | Found a snail-covered altar of Cheibriados.
  2485 | D:4      | 2485 ||| Stepping ~*~*~tactically~*~*~ (outnumbered).
  2486 | D:4      | 2486 ||| Stepping ~*~*~tactically~*~*~ (outnumbered).
  2487 | D:4      | 2487 ||| Stepping ~*~*~tactically~*~*~ (outnumbered).
  2488 | D:4      | 2488 ||| Stepping ~*~*~tactically~*~*~ (outnumbered).
  2489 | D:4      | 2489 ||| Stepping ~*~*~tactically~*~*~ (outnumbered).
  2492 | D:4      | Reached skill level 1 in Throwing
  2493 | D:4      | 2493 ||| FLEEEEING.
  2670 | D:4      | 2670 ||| READING scroll labelled LUULUV EFRABICW.
  2671 | D:4      | 2671 ||| READING scroll labelled JEUGGA FUU.
  2672 | D:4      | 2672 ||| READING 4 scrolls of identify.
  2672 | D:4      | 2672 ||| IDENTIFYING coppery potion
  2673 | D:4      | 2673 ||| READING 3 scrolls of identify.
  2673 | D:4      | 2673 ||| IDENTIFYING smoky emerald potion
  2674 | D:4      | 2674 ||| READING 2 scrolls of identify.
  2674 | D:4      | 2674 ||| IDENTIFYING ruby potion
  2675 | D:4      | 2675 ||| DROPPING potion of lignification.
  2676 | D:4      | 2676 ||| READING 2 scrolls of teleportation.
  2710 | D:5      | Entered Level 5 of the Dungeon
  2758 | D:5      | Found a shimmering blue altar of Sif Muna.
  2810 | D:5      | Reached XP level 7. HP: 57/66 MP: 7/7
  2893 | D:5      | 2893 ||| Stepping ~*~*~tactically~*~*~ (hiding).
  2898 | D:5      | Reached skill level 7 in Unarmed Combat
  3023 | D:5      | Found an opulent altar of Gozag.
  3112 | D:5      | 3112 ||| FLEEEEING.
  3117 | D:5      | 3117 ||| DRINKING potion of curing.
  3117 | D:5      | 3117 ||| (to cure confusion)
  3195 | D:5      | Reached skill level 8 in Unarmed Combat
  3228 | D:5      | Noticed Blork the orc
  3229 | D:5      | 3229 ||| Stepping ~*~*~tactically~*~*~ (hiding).
  3238 | D:5      | Killed Blork the orc
  3239 | D:5      | Reached skill level 3 in Fighting
  3277 | D:5      | Reached skill level 3 in Throwing
  3351 | D:5      | 3351 ||| UPGRADING to +0 kite shield.
  3356 | D:5      | 3356 ||| UPGRADING to +1 robe of fire resistance.
  3366 | D:5      | 3366 ||| DROPPING +0 robe of fire resistance.
  3367 | D:5      | 3367 ||| READING 2 scrolls labelled UCERCH HEAL.
  3368 | D:5      | 3368 ||| READING 2 scrolls of identify.
  3368 | D:5      | 3368 ||| IDENTIFYING lumpy emerald potion
  3369 | D:5      | 3369 ||| DROPPING potion of ambrosia.
  3370 | D:5      | 3370 ||| DROPPING scroll of vulnerability.
  3390 | D:6      | 3390 ||| Stepping ~*~*~tactically~*~*~ (stealth).
  3444 | D:6      | Reached skill level 1 in Shields
  3444 | D:6      | Reached XP level 8. HP: 59/75 MP: 8/8
  3473 | D:6      | 3473 ||| Stepping ~*~*~tactically~*~*~ (hiding).
  3474 | D:6      | 3474 ||| Stepping ~*~*~tactically~*~*~ (hiding).
  3475 | D:6      | 3475 ||| Stepping ~*~*~tactically~*~*~ (outnumbered).
  3501 | D:6      | 3501 ||| Stepping ~*~*~tactically~*~*~ (stealth).
  3562 | D:6      | Reached skill level 3 in Shields
  3601 | D:6      | 3601 ||| Stepping ~*~*~tactically~*~*~ (outnumbered).
  3602 | D:6      | 3602 ||| Stepping ~*~*~tactically~*~*~ (outnumbered).
  3603 | D:6      | 3603 ||| Stepping ~*~*~tactically~*~*~ (outnumbered).
  3604 | D:6      | 3604 ||| Stepping ~*~*~tactically~*~*~ (outnumbered).
  3737 | D:6      | Noticed Maggie
  3743 | D:6      | 3743 ||| INVOKING Fiery Armour.
  3756 | D:6      | HP: 15/75 [constriction (7)]
  3757 | D:6      | 3757 ||| READING 2 scrolls of teleportation.
  3757 | D:6      | Killed Maggie
  3758 | D:6      | Reached skill level 6 in Shields
  3865 | D:6      | 3865 ||| INVOKING Fiery Armour.
  3882 | D:6      | 3882 ||| Stepping ~*~*~tactically~*~*~ (hiding).
  3883 | D:6      | 3883 ||| Stepping ~*~*~tactically~*~*~ (hiding).
  3886 | D:6      | 3886 ||| Stepping ~*~*~tactically~*~*~ (hiding).
  3896 | D:6      | 3896 ||| Stepping ~*~*~tactically~*~*~ (outnumbered).
  3897 | D:6      | 3897 ||| Stepping ~*~*~tactically~*~*~ (outnumbered).
  3898 | D:6      | 3898 ||| Stepping ~*~*~tactically~*~*~ (outnumbered).
  3901 | D:6      | Reached XP level 9. HP: 75/81 MP: 9/9
  4033 | D:6      | Reached skill level 9 in Unarmed Combat
  4139 | D:6      | 4139 ||| UPGRADING to +0 swamp dragon scales.
  4149 | D:6      | 4149 ||| UPGRADING to amulet of reflection.
  4154 | D:6      | 4154 ||| READING 2 scrolls labelled LAIRUT XONG.
  4155 | D:6      | 4155 ||| READING scroll labelled QIMOSI BOECLI.
  4156 | D:6      | 4156 ||| DROPPING scroll of magic mapping.
  4244 | D:7      | Reached skill level 1 in Armour
  4250 | D:7      | Identified the ring of Vefem {rN+ Dex+6}
  4255 | D:7      | 4255 ||| Stepping ~*~*~tactically~*~*~ (stealth).
  4257 | D:7      | 4257 ||| Stepping ~*~*~tactically~*~*~ (stealth).
  4281 | D:7      | 4281 ||| Stepping ~*~*~tactically~*~*~ (hiding).
  4282 | D:7      | 4282 ||| Stepping ~*~*~tactically~*~*~ (hiding).
  4306 | D:7      | 4306 ||| Stepping ~*~*~tactically~*~*~ (outnumbered).
  4462 | D:7      | 4462 ||| Stepping ~*~*~tactically~*~*~ (stealth).
  4531 | D:7      | Found a hide-covered altar of Uskayaw.
  4532 | D:7      | 4532 ||| INVOKING Fiery Armour.
  4541 | D:7      | 4541 ||| Stepping ~*~*~tactically~*~*~ (outnumbered).
  4544 | D:7      | 4544 ||| Stepping ~*~*~tactically~*~*~ (outnumbered).
  4545 | D:7      | 4545 ||| Stepping ~*~*~tactically~*~*~ (outnumbered).
  4546 | D:7      | 4546 ||| Stepping ~*~*~tactically~*~*~ (outnumbered).
  4613 | D:7      | 4613 ||| READING scroll of enchant armour.
  4613 | D:7      | 4613 ||| ENCHANTING +0 swamp dragon scales.
  4631 | D:7      | Found a runed translucent door.
  4632 | D:7      | Noticed Crazy Yiuf
  4809 | D:7      | 4809 ||| UPGRADING to ring of Vefem {rN+ Dex+6}.
  4810 | D:7      | 4810 ||| READING 3 scrolls of identify.
  4810 | D:7      | 4810 ||| IDENTIFYING bubbling grey potion
  4811 | D:7      | 4811 ||| READING 2 scrolls of identify.
  4811 | D:7      | 4811 ||| IDENTIFYING viscous coppery potion
  4812 | D:7      | 4812 ||| DROPPING potion of brilliance.
  4876 | D:8      | Noticed Amaemon
  4876 | D:8      | Noticed an orange demon
  4877 | D:8      | 4877 ||| INVOKING Fiery Armour.
  4882 | D:8      | 4882 ||| Stepping ~*~*~tactically~*~*~ (outnumbered).
  4883 | D:8      | 4883 ||| Stepping ~*~*~tactically~*~*~ (outnumbered).
  4884 | D:8      | 4884 ||| Stepping ~*~*~tactically~*~*~ (outnumbered).
  4885 | D:8      | 4885 ||| Stepping ~*~*~tactically~*~*~ (outnumbered).
  4886 | D:8      | 4886 ||| Stepping ~*~*~tactically~*~*~ (outnumbered).
  4888 | D:8      | 4888 ||| Stepping ~*~*~tactically~*~*~ (outnumbered).
  4899 | D:8      | Killed an orange demon
  4900 | D:8      | Reached skill level 10 in Unarmed Combat
  4908 | D:8      | Killed Amaemon
  4990 | D:8      | 4990 ||| INVOKING Fiery Armour.
  4996 | D:8      | 4996 ||| Stepping ~*~*~tactically~*~*~ (outnumbered).
  4999 | D:8      | Reached XP level 10. HP: 88/91 MP: 10/10
  5007 | D:8      | 5007 ||| Stepping ~*~*~tactically~*~*~ (outnumbered).
  5032 | D:8      | Noticed Prince Ribbit
  5047 | D:8      | Killed Prince Ribbit
  5064 | D:8      | Found a runed translucent door.
  5069 | D:8      | Noticed qw's ghost (novice TeWr)
  5130 | D:8      | 5130 ||| Stepping ~*~*~tactically~*~*~ (outnumbered).
  5346 | D:8      | Noticed a two-headed ogre
  5353 | D:8      | Killed a two-headed ogre
  5355 | D:8      | Found a blossoming altar of Fedhas.
  5356 | D:8      | 5356 ||| Stepping ~*~*~tactically~*~*~ (outnumbered).
  5370 | D:8      | 5370 ||| FLEEEEING.
  5371 | D:8      | 5371 ||| FLEEEEING.
  5372 | D:8      | 5372 ||| FLEEEEING.
  5373 | D:8      | 5373 ||| FLEEEEING.
  5374 | D:8      | 5374 ||| FLEEEEING.
  5375 | D:8      | 5375 ||| FLEEEEING.
  5377 | D:8      | 5377 ||| FLEEEEING.
  5378 | D:8      | 5378 ||| FLEEEEING.
  5379 | D:8      | 5379 ||| FLEEEEING.
  5380 | D:8      | 5380 ||| FLEEEEING.
  5381 | D:8      | 5381 ||| FLEEEEING.
  5382 | D:8      | 5382 ||| FLEEEEING.
  5383 | D:8      | 5383 ||| FLEEEEING.
  5384 | D:8      | 5384 ||| FLEEEEING.
  5385 | D:8      | 5385 ||| FLEEEEING.
  5387 | D:8      | 5387 ||| FLEEEEING.
  5416 | D:8      | 5416 ||| Stepping ~*~*~tactically~*~*~ (hiding).
  5649 | D:8      | Noticed an eight-headed hydra
  5650 | D:8      | 5650 ||| INVOKING Fiery Armour.
  5659 | D:8      | Reached skill level 11 in Unarmed Combat
  5659 | D:8      | Killed a nine-headed hydra
  5661 | D:8      | Noticed a boulder beetle
  5662 | D:8      | 5662 ||| Stepping ~*~*~tactically~*~*~ (stealth).
  5689 | D:8      | Killed a boulder beetle
  5690 | D:8      | Reached skill level 3 in Dodging
  5985 | D:8      | 5985 ||| DROPPING ring of resist corrosion.
  5986 | D:8      | 5986 ||| DRINKING 2 bubbling yellow potions.
  6001 | D:9      | Found an ornate altar of the Wu Jian Council.
  6050 | D:9      | 6050 ||| Stepping ~*~*~tactically~*~*~ (outnumbered).
  6051 | D:9      | 6051 ||| Stepping ~*~*~tactically~*~*~ (outnumbered).
  6053 | D:9      | 6053 ||| Stepping ~*~*~tactically~*~*~ (outnumbered).
  6077 | D:9      | 6077 ||| READING 3 scrolls of teleportation.
  6144 | D:9      | Found Itim's Armour Emporium.
  6300 | D:9      | Found an iron altar of Okawaru.
  6302 | D:9      | Found a shimmering altar of Xom.
  6303 | D:9      | Found a glowing silver altar of Zin.
  6304 | D:9      | Found a stormy altar of Qazlal.
  6622 | D:10     | Entered Level 10 of the Dungeon
  6633 | D:10     | Identified the +1 helmet "Godein" {Rampage rF+ Dex+3
                  | Stlth+}
  6663 | D:10     | 6663 ||| FLEEEEING.
  6664 | D:10     | 6664 ||| FLEEEEING.
  6665 | D:10     | 6665 ||| FLEEEEING.
  6666 | D:10     | 6666 ||| FLEEEEING.
  6667 | D:10     | 6667 ||| FLEEEEING.
  6668 | D:10     | 6668 ||| INVOKING Fiery Armour.
  6670 | D:10     | 6670 ||| STAIRDANCE
  6725 | D:10     | 6725 ||| READING scroll of enchant armour.
  6725 | D:10     | 6725 ||| ENCHANTING +1 swamp dragon scales.
  6742 | D:10     | Reached skill level 9 in Shields
  6748 | D:10     | 6748 ||| Stepping ~*~*~tactically~*~*~ (outnumbered).
  6750 | D:10     | 6750 ||| Stepping ~*~*~tactically~*~*~ (outnumbered).
  6751 | D:10     | 6751 ||| Stepping ~*~*~tactically~*~*~ (outnumbered).
  6752 | D:10     | 6752 ||| Stepping ~*~*~tactically~*~*~ (outnumbered).
  6753 | D:10     | 6753 ||| Stepping ~*~*~tactically~*~*~ (outnumbered).
  6754 | D:10     | 6754 ||| Stepping ~*~*~tactically~*~*~ (outnumbered).
  6755 | D:10     | 6755 ||| Stepping ~*~*~tactically~*~*~ (outnumbered).
  6756 | D:10     | 6756 ||| Stepping ~*~*~tactically~*~*~ (outnumbered).
  6764 | D:10     | Reached XP level 11. HP: 93/100 MP: 11/11
  6790 | D:10     | Noticed a boulder beetle
  6791 | D:10     | 6791 ||| INVOKING Fiery Armour.
  6793 | D:10     | 6793 ||| Stepping ~*~*~tactically~*~*~ (stealth).
  6804 | D:10     | 6804 ||| Stepping ~*~*~tactically~*~*~ (outnumbered).
  6805 | D:10     | 6805 ||| Stepping ~*~*~tactically~*~*~ (outnumbered).
  6806 | D:10     | 6806 ||| Stepping ~*~*~tactically~*~*~ (outnumbered).
  6807 | D:10     | 6807 ||| Stepping ~*~*~tactically~*~*~ (outnumbered).
  6808 | D:10     | 6808 ||| Stepping ~*~*~tactically~*~*~ (outnumbered).
  6809 | D:10     | 6809 ||| Stepping ~*~*~tactically~*~*~ (outnumbered).
  6810 | D:10     | 6810 ||| Stepping ~*~*~tactically~*~*~ (outnumbered).
  6811 | D:10     | 6811 ||| Stepping ~*~*~tactically~*~*~ (outnumbered).
  6812 | D:10     | 6812 ||| Stepping ~*~*~tactically~*~*~ (outnumbered).
  6813 | D:10     | 6813 ||| Stepping ~*~*~tactically~*~*~ (outnumbered).
  6814 | D:10     | 6814 ||| Stepping ~*~*~tactically~*~*~ (outnumbered).
  6815 | D:10     | 6815 ||| Stepping ~*~*~tactically~*~*~ (outnumbered).
  6822 | D:10     | Killed a boulder beetle
  6845 | D:10     | Noticed a white ugly thing
  6855 | D:10     | Killed a white ugly thing
  6856 | D:10     | Reached skill level 12 in Unarmed Combat
  7233 | D:10     | 7233 ||| READING 2 scrolls of identify.
  7233 | D:10     | 7233 ||| IDENTIFYING glowing green potion
  7234 | D:10     | 7234 ||| DROPPING potion of magic.
  7252 | D:11     | 7252 ||| PLANNING GAUNTLET
  7311 | D:11     | Noticed a seven-headed hydra
  7312 | D:11     | 7312 ||| INVOKING Fiery Armour.
  7317 | D:11     | Killed a seven-headed hydra
  7352 | D:11     | Found a gate leading to a gauntlet.
  7361 | Gauntlet | Entered a Gauntlet
  7361 | Gauntlet | Found a transporter.
  7361 | Gauntlet | Found a transporter.
  7366 | Gauntlet | Found a transporter.
  7381 | Gauntlet | Found a transporter.
  7397 | Gauntlet | Found a transporter.
  7411 | Gauntlet | Found a transporter.
  7418 | Gauntlet | Noticed a catoblepas
  7504 | Gauntlet | Found a transporter.
  7514 | Gauntlet | Found a transporter.
  7516 | Gauntlet | Noticed a goliath frog
  7523 | Gauntlet | Noticed a spark wasp
  7523 | Gauntlet | a goliath frog changed into a spark wasp
  7528 | Gauntlet | Found a transporter.
  7528 | Gauntlet | Noticed a mana viper
  7528 | Gauntlet | Noticed a wolf spider
  7528 | Gauntlet | a spark wasp changed into a wolf spider
  7530 | Gauntlet | Noticed a steelbarb worm
  7530 | Gauntlet | a wolf spider changed into a steelbarb worm
  7534 | Gauntlet | Noticed a glowing shapeshifter
  7534 | Gauntlet | a steelbarb worm changed into a glowing shapeshifter
  7534 | Gauntlet | Noticed a steelbarb worm
  7535 | Gauntlet | a glowing shapeshifter changed into a moth of wrath
  7536 | Gauntlet | Noticed a deep troll
  7536 | Gauntlet | a moth of wrath changed into a deep troll
  7542 | Gauntlet | Found a transporter.
  7545 | Gauntlet | Noticed a dire elephant
  7545 | Gauntlet | Noticed a sea snake
  7545 | Gauntlet | a deep troll changed into a sea snake
  7546 | Gauntlet | a mana viper changed into a water nymph
  7547 | Gauntlet | a sea snake changed into a faun
  7574 | Gauntlet | Noticed a sea snake
  7574 | Gauntlet | a water nymph changed into a sea snake
  7574 | Gauntlet | Noticed an orb spider
  7574 | Gauntlet | a redback changed into an orb spider
  7580 | Gauntlet | Noticed a glowing shapeshifter
  7580 | Gauntlet | an orb spider changed into a glowing shapeshifter
  7581 | Gauntlet | a glowing shapeshifter changed into a cyclops
  7583 | Gauntlet | Noticed a two-headed ogre
  7583 | Gauntlet | a cyclops changed into a two-headed ogre
  7586 | Gauntlet | a two-headed ogre changed into a torpor snail
  7597 | Gauntlet | Noticed a glowing orange brain
  7625 | Gauntlet | Found a transporter.
  7629 | Gauntlet | Found a transporter.
  7630 | Gauntlet | Noticed a red ugly thing
  7638 | Gauntlet | Noticed a green ugly thing
  7644 | Gauntlet | Found a transporter.
  7651 | Gauntlet | Noticed an orange crystal statue
  7652 | Gauntlet | Found a transporter.
  7652 | Gauntlet | Found a transporter.
  7676 | Gauntlet | Found a transporter.
  7705 | Gauntlet | 7705 ||| Stepping ~*~*~tactically~*~*~ (stealth).
  7709 | Gauntlet | 7709 ||| Stepping ~*~*~tactically~*~*~ (outnumbered).
  7710 | Gauntlet | 7710 ||| Stepping ~*~*~tactically~*~*~ (outnumbered).
  7717 | Gauntlet | Noticed a necromancer
  7718 | Gauntlet | 7718 ||| Stepping ~*~*~tactically~*~*~ (outnumbered).
  7720 | Gauntlet | 7720 ||| Stepping ~*~*~tactically~*~*~ (outnumbered).
  7721 | Gauntlet | 7721 ||| Stepping ~*~*~tactically~*~*~ (outnumbered).
  7722 | Gauntlet | Noticed a soul eater
  7723 | Gauntlet | 7723 ||| Stepping ~*~*~tactically~*~*~ (outnumbered).
  7724 | Gauntlet | 7724 ||| Stepping ~*~*~tactically~*~*~ (outnumbered).
  7724 | Gauntlet | Noticed a skeletal warrior
  7725 | Gauntlet | 7725 ||| Stepping ~*~*~tactically~*~*~ (outnumbered).
  7726 | Gauntlet | 7726 ||| Stepping ~*~*~tactically~*~*~ (outnumbered).
  7726 | Gauntlet | Noticed a death yak
  7731 | Gauntlet | Noticed a shining eye
  7732 | Gauntlet | Noticed a skeletal warrior
  7733 | Gauntlet | Noticed a minotaur
  7733 | Gauntlet | a death yak changed into a minotaur
  7735 | Gauntlet | Noticed an emperor scorpion
  7735 | Gauntlet | a minotaur changed into an emperor scorpion
  7736 | Gauntlet | Noticed a catoblepas
  7736 | Gauntlet | an emperor scorpion changed into a catoblepas
  7740 | Gauntlet | Noticed a dire elephant
  7740 | Gauntlet | a catoblepas changed into a dire elephant
  7741 | Gauntlet | Noticed a sixfirhy
  7741 | Gauntlet | Noticed a great orb of eyes
  7741 | Gauntlet | a tyrant leech changed into a great orb of eyes
  7741 | Gauntlet | Noticed a two-headed ogre
  7741 | Gauntlet | a shining eye changed into a two-headed ogre
  7745 | Gauntlet | Noticed a death yak
  7745 | Gauntlet | a dire elephant changed into a death yak
  7745 | Gauntlet | HP: 20/104 [large slime creature[a boggart] (7)]
  7746 | Gauntlet | 7746 ||| DRINKING potion of heal wounds.
  7746 | Gauntlet | Noticed a sixfirhy
  7750 | Gauntlet | HP: 1/104 [elephant[a boggart] (15)]
  7752 | Gauntlet | Slain by an elephant

Levels and vault maps discovered:
D:1:      dpeg_arrival_tiny_a, layout_basic, ebering_ecumenical_altar_petrified
D:2:      layout_rooms
D:3:      layout_rooms, uniq_terence, uniq_jessica, uniq_grinder
D:4:      layout_gridville, jmf_multi_god_temple, overflow_temple_1_default,
          minmay_temple_entry_trees, corexii_corridor_pit
D:5:      layout_cave_pools, mainiacjoe_overflow_paths, led_sif_book,
          uniq_blork_the_orc
D:6:      layout_rooms, minmay_quadrilaterals, uniq_maggie
D:7:      layout_rooms, nicolae_uskayaw_dance_studio, uniq_crazy_yiuf_cottage
D:8:      layout_basic, mainiacjoe_overflow_tiny_flanked,
          ebering_ghost_reflecting_pool, roderic_serpentine_path,
          minmay_manual_moon, uniq_amaemon, uniq_prince_ribbit1
D:9:      layout_roguey, mainiacjoe_overflow_chevrons, minitemple, serial_shops,
          shop
D:10:     layout_cross, minmay_rotating_lava
D:11:     layout_basic, dpeg_oklobed_lair, gauntlet_entry_generic
Gauntlet: gammafunk_gauntlet_branching [gammafunk_gauntlet_arena_crates,
          nicolae_gauntlet_arena_grate_2, nicolae_gauntlet_arena_x,
          nicolae_gauntlet_swirl, gammafunk_gauntlet_arena_mazey,
          gammafunk_gauntlet_arena_split_diamond,
          gammafunk_gauntlet_arena_chambers,
          gammafunk_gauntlet_arena_arrow_garden, gauntlet_exit_watery]

Skill      XL: |  1  2  3  4  5  6  7  8  9 10 11 |
---------------+----------------------------------+-----
Unarmed Combat | 4 5 6 8 10 11 12 | 12.2
Dodging        | 1 2 3 |  3.8
Throwing       | 2 3 4 |  4.6
Fighting       | 3 4 5 |  5.3
Shields        | 1 6 8 9 |  9.0
Armour         | 2 |  2.0
Spellcasting   | |  1.0
Fire Magic     | |  2.1

Action                   |  1- 3 |  4- 6 |  7- 9 | 10-12 || total
-------------------------+-------+-------+-------+-------++-------
Melee: Unarmed           |   106 |   102 |   191 |   205 ||   604
       Punch             |     1 |     3 |     2 |       ||     6
Throw: Large rock        |       |    23 |    24 |    21 ||    68
       Boomerang         |       |       |     8 |    20 ||    28
Invok: Fiery Armour      |     1 |     2 |     5 |     4 ||    12
  Use: Scroll            |     3 |    11 |     8 |     3 ||    25
       Potion            |     1 |     1 |     1 |     2 ||     5
 Stab: Sleeping          |       |     1 |       |       ||     1
Armor: Robe              |    42 |    50 |    29 |       ||   121
       Swamp dragon scal |       |       |    18 |    95 ||   113
Dodge: Dodged            |    42 |    46 |    60 |    75 ||   223
Block: Kite shield       |       |       |    87 |   197 ||   284
       Reflection        |       |       |     3 |     2 ||     5

Table legend:
 A = Non-vault XP
 B = Vault XP
 C = Vault XP percentage of total XP
 D = Non-vault monster count
 E = Vault monster count
 F = Vault count percentage of total count
                 A         B        C        D         E       F
            +---------+---------+-------+---------+---------+-------
      Total |   10475 |    4511 |  30.1 |     216 |      25 |  10.4
            +---------+---------+-------+---------+---------+-------
        D:1 |      52 |       0 |   0.0 |      28 |       0 |   0.0
        D:2 |      80 |       0 |   0.0 |      24 |       0 |   0.0
        D:3 |     152 |      73 |  32.4 |      28 |       2 |   6.7
        D:4 |      60 |     118 |  66.3 |      17 |       2 |  10.5
        D:5 |     699 |      99 |  12.4 |      14 |       1 |   6.7
        D:6 |    1262 |     622 |  33.0 |      28 |       7 |  20.0
        D:7 |     621 |     103 |  14.2 |      15 |       6 |  28.6
        D:8 |    1756 |    3496 |  66.6 |      29 |       7 |  19.4
        D:9 |     736 |       0 |   0.0 |      14 |       0 |   0.0
       D:10 |    3519 |       0 |   0.0 |      15 |       0 |   0.0
       D:11 |    1538 |       0 |   0.0 |       4 |       0 |   0.0
            +---------+---------+-------+---------+---------+-------
